SNL (28 & UNDER)
WEST VIRGINIA POWER @ MEMPHIS BLUES
05/23/2028
 
TOP OF THE 1ST
West Virginia Power batting - Pitching for Memphis Blues : LHP Fernando Palácios
Pitching: LHP Fernando Palácios
Batting: RHB Luis Quezada 0-0: Ball
1-0: Called Strike
1-1: Foul Ball, location: 2F
1-2: Strikes out swinging
Batting: RHB Javier Peña 0-0: Called Strike
0-1: Ball
1-1: Ball
2-1: Foul Ball, location: 2F
2-2: Ball
3-2: Ground out 6-3 (Groundball, 6)
Batting: LHB Ken Nelson 0-0: Fly out, F8 (Flyball, 78D)
Top of the 1st over - 0 run(s), 0 hit(s), 0 error(s), 0 left on base; West Virginia 0 - Memphis 0
BOTTOM OF THE 1ST
Memphis Blues batting - Pitching for West Virginia Power : LHP John Helms
Pitching: LHP John Helms
Batting: RHB Peter Bishop 0-0: Swinging Strike
0-1: Called Strike
0-2: Ball
1-2: Strikes out swinging
Batting: RHB Lorenzo Mota 0-0: Swinging Strike
0-1: Ball
1-1: Ball
2-1: Ball
3-1: Foul Ball, location: 2F
3-2: SINGLE (Line Drive, 89S)
Batting: LHB Chris Austin 0-0: Ball
1-0: Ball
2-0: Foul Ball, location: 2F
2-1: Called Strike
2-2: Strikes out swinging
Batting: SHB Terry Dailey 0-0: Ball
1-0: Foul Ball, location: 2F
1-1: Ball
2-1: Swinging Strike
2-2: Strikes out swinging
Bottom of the 1st over - 0 run(s), 1 hit(s), 0 error(s), 1 left on base; West Virginia 0 - Memphis 0
TOP OF THE 2ND
West Virginia Power batting - Pitching for Memphis Blues : LHP Fernando Palácios
Batting: RHB Tony Parker 0-0: Ball
1-0: Ball
2-0: Ball
3-0: Called Strike
3-1: SINGLE (Line Drive, 89S)
Batting: SHB Thomas Simmons 0-0: Fly out, F6 (Popup, 5D)
Batting: LHB Phil Neal 0-0: Foul Ball, location: 2F
0-1: Ball
1-1: Swinging Strike
1-2: Foul Ball, location: 2F
1-2: Ball
2-2: Strikes out swinging
Batting: SHB Waylon Adams 0-0: Called Strike
0-1: Ball
1-1: Called Strike
1-2: Ball
Throwing error on steal attempt, E2
Tony Parker to third
2-2: Foul Ball, location: 2F
2-2: Strikes out swinging
Top of the 2nd over - 0 run(s), 1 hit(s), 1 error(s), 1 left on base; West Virginia 0 - Memphis 0
BOTTOM OF THE 2ND
Memphis Blues batting - Pitching for West Virginia Power : LHP John Helms
Batting: LHB Alan McGilroy 0-0: Ball
1-0: Ball
2-0: SINGLE (Line Drive, 6M)
Batting: LHB Mel Jones 0-0: Ball
1-0: Swinging Strike
1-1: Swinging Strike
1-2: Ball
2-2: Foul Ball, location: 2F
2-2: Foul Ball, location: 2F
2-2: Strikes out swinging
Batting: RHB Artie Green 0-0: Called Strike
0-1: Ball
1-1: DOUBLE (Flyball, 8RXD)
Alan McGilroy to third
Runner from 3rd tries for Home, SAFE, throw made at trailing runner, SAFE at third!
Batting: RHB David Crespo 0-0: Foul Ball, location: 2F
0-1: Swinging Strike
0-2: Ball
1-2: Foul Ball, location: 2F
1-2: Ground out 5-3 (Groundball, 25)
Batting: RHB Ángel López 0-0: Ball
1-0: 2-RUN HOME RUN (Flyball, 7LD), Distance : 373 ft
Batting: RHB Peter Bishop 0-0: Fly out, F9 (Flyball, 9S)
Bottom of the 2nd over - 3 run(s), 3 hit(s), 0 error(s), 0 left on base; West Virginia 0 - Memphis 3
TOP OF THE 3RD
West Virginia Power batting - Pitching for Memphis Blues : LHP Fernando Palácios
Batting: LHB Wally Harris 0-0: Ball
1-0: Ball
2-0: Ground out 5-3 (Groundball, 56)
Batting: RHB Pedro Echevarría 0-0: Swinging Strike
0-1: Ball
1-1: Called Strike
1-2: Ball
2-2: Ball
3-2: Base on Balls
Batting: RHB Luis Quezada 0-0: Ball
1-0: Swinging Strike
1-1: Ball
2-1: Foul Ball, location: 2F
2-2: Fly out, F4 (Popup, 34D)
Batting: RHB Javier Peña 0-0: Foul Ball, location: 2F
0-1: Ball
1-1: Ball
2-1: Ball
3-1: Called Strike
3-2: Foul Ball, location: 2F
3-2: Base on Balls
Pedro Echevarría to second
Batting: LHB Ken Nelson 0-0: SINGLE (Groundball, 5D)
Pedro Echevarría to third
Javier Peña to second
Runner from 3rd tries for Home, SAFE, no throw
Batting: RHB Tony Parker 0-0: Ball
1-0: Ball
2-0: SINGLE (Flyball, 9S)
Javier Peña to third
Ken Nelson to second
Runner from 3rd tries for Home, SAFE, no throw
Batting: SHB Thomas Simmons 0-0: Ball
1-0: Called Strike
1-1: Ball
2-1: Ball
3-1: SINGLE (Flyball, 8LS)
Ken Nelson to third
Tony Parker to second
Batting: LHB Phil Neal 0-0: Ball
1-0: Fly out, F8 (Flyball, 8RD)
Top of the 3rd over - 2 run(s), 3 hit(s), 0 error(s), 3 left on base; West Virginia 2 - Memphis 3
BOTTOM OF THE 3RD
Memphis Blues batting - Pitching for West Virginia Power : LHP John Helms
Batting: RHB Lorenzo Mota 0-0: Ball
1-0: Called Strike
1-1: Called Strike
1-2: Ball
2-2: Ball
3-2: Foul Ball, location: 2F
3-2: Strikes out swinging
Batting: LHB Chris Austin 0-0: Called Strike
0-1: Ground out U3 (Groundball, 3)
Batting: SHB Terry Dailey 0-0: Called Strike
0-1: Foul Ball, location: 2F
0-2: SOLO HOME RUN (Flyball, 7D), Distance : 406 ft
Batting: LHB Alan McGilroy 0-0: Ball
1-0: Called Strike
1-1: Swinging Strike
1-2: Ball
2-2: Strikes out swinging
Bottom of the 3rd over - 1 run(s), 1 hit(s), 0 error(s), 0 left on base; West Virginia 2 - Memphis 4
TOP OF THE 4TH
West Virginia Power batting - Pitching for Memphis Blues : LHP Fernando Palácios
Batting: SHB Waylon Adams 0-0: Swinging Strike
0-1: Fly out, F4 (Popup, 4)
Batting: LHB Wally Harris 0-0: Called Strike
0-1: Ball
1-1: Fly out, F7 (Flyball, 78S)
Batting: RHB Pedro Echevarría 0-0: Ball
1-0: Called Strike
1-1: Called Strike
1-2: Strikes out swinging
Top of the 4th over - 0 run(s), 0 hit(s), 0 error(s), 0 left on base; West Virginia 2 - Memphis 4
BOTTOM OF THE 4TH
Memphis Blues batting - Pitching for West Virginia Power : LHP John Helms
Batting: LHB Mel Jones 0-0: Ball
1-0: Ball
2-0: Called Strike
2-1: Called Strike
2-2: Ball
3-2: Ground out 5-3 (Groundball, 25)
Batting: RHB Artie Green 0-0: Foul Ball, location: 2F
0-1: Swinging Strike
0-2: Ball
1-2: Ball
2-2: Strikes out looking
Batting: RHB David Crespo 0-0: Fly out, F2 (Popup, 5S)
Bottom of the 4th over - 0 run(s), 0 hit(s), 0 error(s), 0 left on base; West Virginia 2 - Memphis 4
TOP OF THE 5TH
West Virginia Power batting - Pitching for Memphis Blues : LHP Fernando Palácios
Batting: RHB Luis Quezada 0-0: Called Strike
0-1: Ball
1-1: Foul Ball, location: 2F
1-2: Ball
2-2: Strikes out swinging
Batting: RHB Javier Peña 0-0: Called Strike
0-1: Ball
1-1: Ball
2-1: Called Strike
2-2: Foul Ball, location: 2F
2-2: Ball
3-2: SINGLE (Line Drive, 4D)
Batting: LHB Ken Nelson 0-0: Ball
1-0: Called Strike
1-1: Called Strike
1-2: Fly out, F9 (Flyball, 89M)
Batting: RHB Tony Parker 0-0: Ball
1-0: Ball
Javier Peña steals 2nd base
2-0: Called Strike
2-1: Foul Ball, location: 2F
2-2: DOUBLE (Line Drive, 9D)
Javier Peña scores
Pitching: LHP António Dávila
Batting: SHB Thomas Simmons 0-0: Ball
1-0: TRIPLE (Flyball, 89XD)
Tony Parker scores
Batting: LHB Phil Neal 0-0: Swinging Strike
0-1: Ball
1-1: Ball
2-1: Swinging Strike
2-2: Strikes out swinging
Top of the 5th over - 2 run(s), 3 hit(s), 0 error(s), 1 left on base; West Virginia 4 - Memphis 4
BOTTOM OF THE 5TH
Memphis Blues batting - Pitching for West Virginia Power : LHP John Helms
Batting: RHB Ángel López 0-0: Foul Ball, location: 2F
0-1: Foul Ball, location: 2F
0-2: Foul Ball, location: 2F
0-2: Strikes out swinging
Batting: RHB Peter Bishop 0-0: Ball
1-0: Ball
2-0: Called Strike
2-1: Fly out, F8 (Flyball, 8RM)
Batting: RHB Lorenzo Mota 0-0: Ball
1-0: SINGLE (Line Drive, 6M)
Batting: LHB Chris Austin 0-0: Ball
1-0: Called Strike
1-1: Called Strike
1-2: Ball
2-2: SINGLE (Line Drive, 78S)
Lorenzo Mota to second
Batting: SHB Terry Dailey 0-0: Ball
1-0: Foul Ball, location: 2F
1-1: Foul Ball, location: 2F
1-2: Ball
2-2: Foul Ball, location: 2F
2-2: Strikes out looking
Bottom of the 5th over - 0 run(s), 2 hit(s), 0 error(s), 2 left on base; West Virginia 4 - Memphis 4
TOP OF THE 6TH
West Virginia Power batting - Pitching for Memphis Blues : LHP António Dávila
Batting: SHB Waylon Adams 0-0: Ball
1-0: Called Strike
1-1: Ball
2-1: Called Strike
2-2: Strikes out swinging
Batting: LHB Wally Harris 0-0: Called Strike
0-1: Called Strike
0-2: Hit by Pitch
Batting: RHB Pedro Echevarría 0-0: Called Strike
Wally Harris steals 2nd base
0-1: Foul Ball, location: 2F
0-2: Foul Ball, location: 2F
0-2: Foul Ball, location: 2F
0-2: Ball
1-2: Ball
2-2: Ball
3-2: Reached on error, E4 (Groundball, 34)
Wally Harris scores
Batting: RHB Luis Quezada 0-0: Ball
Wild Pitch!
Pedro Echevarría to third
1-0: Fly out, F8 (Flyball, 8RM)
Runner from 3rd tags up, SCORES, no throw
Batting: RHB Javier Peña 0-0: Ball
1-0: Swinging Strike
1-1: Foul Ball, location: 2F
1-2: Foul Ball, location: 2F
1-2: Ball
2-2: Ball
3-2: Base on Balls
Batting: LHB Ken Nelson 0-0: Ball
1-0: Called Strike
1-1: Ball
2-1: Fly out, F9 (Flyball, 9D)
Top of the 6th over - 2 run(s), 0 hit(s), 1 error(s), 1 left on base; West Virginia 6 - Memphis 4
BOTTOM OF THE 6TH
Memphis Blues batting - Pitching for West Virginia Power : LHP John Helms
Batting: LHB Alan McGilroy 0-0: Called Strike
0-1: Called Strike
0-2: Ball
1-2: Ball
2-2: Foul Ball, location: 2F
2-2: Strikes out swinging
Pitching: LHP Roberto Aguilar
Batting: LHB Mel Jones 0-0: Ball
1-0: Ball
2-0: Fly out, F8 (Flyball, 78M)
Batting: RHB Artie Green 0-0: SOLO HOME RUN (Flyball, 78XD), Distance : 430 ft
Pitching: RHP António Zapata
Batting: RHB David Crespo 0-0: Called Strike
0-1: Called Strike
0-2: Ball
1-2: Foul Ball, location: 2F
1-2: Foul Ball, location: 2F
1-2: Fly out, F3 (Line Drive, 34)
Bottom of the 6th over - 1 run(s), 1 hit(s), 0 error(s), 0 left on base; West Virginia 6 - Memphis 5
TOP OF THE 7TH
West Virginia Power batting - Pitching for Memphis Blues : LHP António Dávila
Batting: RHB Tony Parker 0-0: Swinging Strike
0-1: Foul Ball, location: 2F
0-2: Ball
1-2: Fly out, F9 (Flyball, 89M)
Batting: SHB Thomas Simmons 0-0: Ball
1-0: Ball
2-0: Ball
3-0: Called Strike
3-1: Called Strike
3-2: Foul Ball, location: 2F
3-2: Strikes out swinging
Batting: LHB Phil Neal 0-0: Called Strike
0-1: Called Strike
0-2: Ball
1-2: Ball
2-2: Foul Ball, location: 2F
2-2: Strikes out swinging
Top of the 7th over - 0 run(s), 0 hit(s), 0 error(s), 0 left on base; West Virginia 6 - Memphis 5
BOTTOM OF THE 7TH
Memphis Blues batting - Pitching for West Virginia Power : RHP António Zapata
Batting: RHB Ángel López 0-0: Swinging Strike
0-1: Ball
1-1: Ball
2-1: Swinging Strike
2-2: Strikes out swinging
Batting: RHB Peter Bishop 0-0: Fly out, F6 (Popup, 56D)
Batting: RHB Lorenzo Mota 0-0: Ball
1-0: Fly out, F9 (Line Drive, 9)
Bottom of the 7th over - 0 run(s), 0 hit(s), 0 error(s), 0 left on base; West Virginia 6 - Memphis 5
TOP OF THE 8TH
West Virginia Power batting - Pitching for Memphis Blues : LHP António Dávila
Batting: SHB Waylon Adams 0-0: Foul Ball, location: 2F
0-1: Called Strike
0-2: Foul Ball, location: 2F
0-2: Strikes out swinging
Pitching: RHP Luis Pistoni
Batting: LHB Wally Harris 0-0: Ball
1-0: Ball
2-0: Foul Ball, location: 2F
2-1: Ball
3-1: Foul Ball, location: 2F
3-2: Foul Ball, location: 2F
3-2: Foul Ball, location: 2F
3-2: Ground out 6-3 (Groundball, 56D)
Batting: RHB Pedro Echevarría 0-0: Ball
1-0: Ball
2-0: Called Strike
2-1: Called Strike
2-2: Ball
3-2: Strikes out looking
Top of the 8th over - 0 run(s), 0 hit(s), 0 error(s), 0 left on base; West Virginia 6 - Memphis 5
BOTTOM OF THE 8TH
Memphis Blues batting - Pitching for West Virginia Power : RHP António Zapata
Pitching: RHP Rob Woods
Now at 1B: Piotr Zahn
Now in LF: Lorenzo Ayala
Batting: LHB Chris Austin 0-0: Called Strike
0-1: Ball
1-1: Foul Ball, location: 2F
1-2: Foul Ball, location: 2F
1-2: Ball
2-2: DOUBLE (Flyball, 7LM)
Batting: SHB Terry Dailey 0-0: Fly out, F3 (Line Drive, 34)
Pitching: LHP Alberto Ruíz
Pinch Hitting: RHB Chase Mueller 0-0: Swinging Strike
0-1: Ball
1-1: Foul Ball, location: 2F
1-2: Ball
2-2: Fly out, F5 (Line Drive, 5)
Pinch Hitting: RHB Dave Wookey 0-0: Ball
1-0: Ball
2-0: Foul Ball, location: 2F
2-1: Ball
3-1: Swinging Strike
3-2: Foul Ball, location: 2F
3-2: Foul Ball, location: 2F
3-2: Strikes out swinging
Bottom of the 8th over - 0 run(s), 1 hit(s), 0 error(s), 1 left on base; West Virginia 6 - Memphis 5
TOP OF THE 9TH
West Virginia Power batting - Pitching for Memphis Blues : RHP Luis Pistoni
Pitching: RHP Tommy Waters
Now at 1B: Spencer Howell
Now in RF: Dave Wookey
Batting: RHB Luis Quezada 0-0: Ball
1-0: Ball
2-0: Ball
3-0: Called Strike
3-1: Base on Balls
Batting: RHB Javier Peña 0-0: Ball
1-0: Fielders Choice at 2nd, 6-4 (Groundball, 6)
Batting: LHB Ken Nelson 0-0: Ball
Javier Peña steals 2nd base
1-0: Swinging Strike
1-1: Foul Ball, location: 2F
1-2: SINGLE (Groundball, 34D)
Javier Peña to third
Runner from 3rd tries for Home, SAFE, no throw
Batting: RHB Tony Parker 0-0: Called Strike
Ken Nelson steals 2nd base
0-1: Called Strike
0-2: Strikes out swinging
Batting: SHB Thomas Simmons 0-0: Called Strike
0-1: SINGLE (Groundball, 56D)
Ken Nelson to third
Runner from 3rd tries for Home, SAFE, no throw
Batting: LHB Phil Neal 0-0: Ball
1-0: Called Strike
1-1: Ball
2-1: Ball
3-1: Base on Balls
Thomas Simmons to second
Batting: RHB Piotr Zahn 0-0: Ball
1-0: Fly out, F6 (Popup, 6D)
Top of the 9th over - 2 run(s), 2 hit(s), 0 error(s), 2 left on base; West Virginia 8 - Memphis 5
BOTTOM OF THE 9TH
Memphis Blues batting - Pitching for West Virginia Power : LHP Alberto Ruíz
Pitching: RHP Manuel Montoya
Batting: RHB Artie Green 0-0: Ball
1-0: Foul Ball, location: 2F
1-1: Ball
2-1: Ball
3-1: Foul Ball, location: 2F
3-2: Fly out, F3 (Line Drive, 34)
Batting: RHB David Crespo 0-0: Swinging Strike
0-1: Ball
1-1: Ball
2-1: Ball
3-1: Base on Balls
Batting: RHB Ángel López 0-0: Ball
1-0: Grounds into double play, 1-6-3 (Groundball, P)
Bottom of the 9th over - 0 run(s), 0 hit(s), 0 error(s), 0 left on base; West Virginia 8 - Memphis 5
Tuesday, August 8th, 2017 - OOTP Baseball 17.12 Build 75